 Dungeon Sprint DCSS version 0.17-a0-1753-g75d4604 (webtiles) character file.

263 KambridgeKobold the Skirmisher (level 5, -10/48 HPs)
             Began as a Demonspawn Gladiator on Sept 2, 2015.
             Mangled by a slime creature (16 damage)
             ... in the Dungeon (Sprint I: "Red Sonja").
             The game lasted 00:00:50 (595 turns).

KambridgeKobold the Skirmisher (DsGl)                Turns: 595, Time: 00:00:50

Health: -10/48     AC:  4    Str: 20    XL:     5   Next: 97%
Magic:  0/5        EV: 16    Int:  9    God:
Gold:   108        SH:  0    Dex: 15    Spells: 0 memorised, 4 levels left

rFire  . . .     SeeInvis .     a - +0 long sword
rCold  . . .     Clarity  .     b - +0 leather armour
rNeg   . . .     SustAt   .     (no shield)
rPois  .         Gourm    .     c - +0 helmet
rElec  .         Spirit   +     (no cloak)
rCorr  .         Warding  .     (no gloves)
rMut   .         NoTele   +     (no boots)
MR     .....                    (no amulet)
Stlth  +.........               (no ring)
                                (no ring)

@: mighty, not resistant to hostile enchantments, very unstealthy
A: powered by pain 2, magic shield
a: no special abilities


You were in the Dungeon.
You were not hungry.

You visited 1 branch You collected 108 gold pieces.

Inventory:

Hand weapons
 a - a +0 long sword (weapon)
Missiles
 d - 3 throwing nets (quivered)
Armour
 b - a +0 leather armour (worn)
 c - a +0 helmet (worn)
Magical devices
 l - a wand of hasting (7)
Scrolls
 k - a scroll of blinking
Potions
 f - a potion of curing
 g - a potion of heal wounds
 h - a potion of haste
 i - 2 potions of magic
 j - a potion of berserk rage
Comestibles
 e - a bread ration


   Skills:
 + Level 7.4 Fighting
 + Level 7.1 Long Blades
 - Level 1.7 Throwing
 + Level 7.0 Dodging


You had 4 spell levels left.
You didn't know any spells.

Dungeon Overview and Level Annotations

Branches:
Dungeon (1/1)

Altars:
Cheibriados
Dithmenos
Fedhas
Jiyva


Innate Abilities, Weirdness & Mutations

You sometimes gain power by taking damage.
When hurt, damage is shared between your health and your magic reserves.


Message History

The slime creature closely misses you.
You slash the slime creature!
The slime creature is heavily wounded.
The slime creature hits you!
You focus on the pain.
You feel very mighty all of a sudden.
You barely miss the slime creature.
The slime creature is moderately wounded.
The slime creature barely misses you.
You slash the slime creature!
The slime creature is severely wounded.
The slime creature hits you!!
You focus on the pain.
You feel your power returning.
You slash the slime creature!
The slime creature is severely wounded.
The slime creature hits you!
* * * LOW HITPOINT WARNING * * *
You slash the slime creature!
The slime creature is almost dead.
The slime creature hits you!
You die...

################ ##
#<.#..)..#..'..#__#
#..)..#..').#.@J..+
#..#####+#####+#__#
#..# ## #..# #..#
#⌠⌠# ####


You could see a slime creature.

Vanquished Creatures
  Sigmund (D)
  An ogre (D)
  Ijyb (D)
3 creatures vanquished.

Notes
Turn   | Place    | Note
--------------------------------------------------------------
     0 | D        | KambridgeKobold the Demonspawn Gladiator began the quest for the Orb.
     0 | D        | Reached XP level 1. HP: 16/16 MP: 1/1
     1 | D        | Noticed Ijyb
    17 | D        | Killed Ijyb
    17 | D        | Reached skill level 3 in Fighting
    17 | D        | Reached skill level 4 in Long Blades
    17 | D        | Gained mutation: You sometimes gain a little power by taking damage. [demonic ancestry]
    17 | D        | Reached XP level 2. HP: 5/25 MP: 2/2
   257 | D        | Noticed an ogre
   263 | D        | Killed an ogre
   263 | D        | Reached skill level 5 in Fighting
   263 | D        | Reached skill level 5 in Long Blades
   263 | D        | Reached skill level 5 in Dodging
   263 | D        | Gained mutation: When hurt, damage is shared between your health and your magic reserves. [demonic ancestry]
   263 | D        | Reached XP level 3. HP: 6/33 MP: 3/3
   263 | D        | Reached XP level 4. HP: 7/39 MP: 4/4
   507 | D        | Noticed Sigmund
   518 | D        | Killed Sigmund
   518 | D        | Reached skill level 7 in Fighting
   518 | D        | Gained mutation: You sometimes gain power by taking damage. [demonic ancestry]
   518 | D        | Reached XP level 5. HP: 37/48 MP: 5/5
   532 | D        | Found a snail-covered altar of Cheibriados.
   532 | D        | Found a viscous altar of Jiyva.
   532 | D        | Found a shadowy altar of Dithmenos.
   532 | D        | Found a blossoming altar of Fedhas.
   532 | D        | Noticed a slime creature
   595 | D        | Mangled by a slime creature

Vault maps used:
D:        dungeon_sprint_1

Action                   |  1- 3 |  4- 6 || total
-------------------------+-------+-------++-------
Melee: Long sword        |    20 |    22 ||    42
